[Event "1000GM NY Winter IM-C 2024"]
[Site "New York"]
[Date "2024.01.12"]
[Round "1.1"]
[White "Tanenbaum, Zachary"]
[Black "Hajnal, Zoltan"]
[Result "1/2-1/2"]
[ECO "C55"]
[WhiteElo "2272"]
[BlackElo "2383"]
[Annotator "RC"]
[PlyCount "97"]
[EventDate "2024.01.10"]
[EventType "swiss"]
[EventCountry "USA"]
[SourceTitle "playchess.com"]
[Source "ChessBase"]
[SourceQuality "1"]
[TimeControl "5400+30"]

1. e4 e5 2. Nf3 Nc6 3. Bc4 Nf6 4. d3 Be7 5. O-O O-O 6. Re1 d6 7. a4 Kh8 8. a5 a6 9. h3 Ng8 10. Nc3 f5 11. Nd5 fxe4 12. dxe4 Nf6 13. Qd2 Nxd5 14. exd5 Nb8 15. Ng5 Bxg5 16. Qxg5 Qxg5 17. Bxg5 Bf5 18. Bf1 Nd7 19. Ra3 Rfc8 20. c4 h6 21. Be3 Nf6 22. Rb3 c6 23. dxc6 bxc6 24. Bxh6 gxh6 25. Rf3 Kg7 26. Rxf5 c5 27. g4 Rab8 28. f4 e4 29. g5 hxg5 30. fxg5 Nd7 31. Rd5 Rxb2 32. Rxd6 Ne5 33. Bg2 Nxc4 34. Rd7+ Kg6 35. Rxe4 Rc2 36. Rd5 Rb8 37. Re1 Nd2 38. h4 c4 39. Kf2 Kh5 40. Kg3 Rf8 41. Rde5 Rc3+ 42. R1e3 Rxe3+ 43. Rxe3 Nf1+ 44. Bxf1 Rxf1 45. Re6 Rg1+ 46. Kh3 Rh1+ 47. Kg3 Rg1+ 48. Kf4 Rf1+ 49. Ke4 1/2-1/2

[Event "1000GM NY Winter IM-C 2024"]
[Site "New York"]
[Date "2024.01.12"]
[Round "1.2"]
[White "Ho, Carter"]
[Black "Yudasin, Leonid"]
[Result "1/2-1/2"]
[ECO "B47"]
[WhiteElo "2180"]
[BlackElo "2353"]
[Annotator "RC"]
[PlyCount "72"]
[EventDate "2024.01.10"]
[EventType "swiss"]
[EventCountry "USA"]
[SourceTitle "playchess.com"]
[Source "ChessBase"]
[SourceQuality "1"]
[TimeControl "5400+30"]

1. e4 c5 2. Nf3 e6 3. d4 cxd4 4. Nxd4 a6 5. Nc3 Qc7 6. g3 Nc6 7. Bg2 Nf6 8. O-O Nxd4 9. Qxd4 Bc5 10. Qd3 d6 11. Bf4 h6 12. Rad1 e5 13. Be3 Bg4 14. Bxc5 dxc5 15. f3 Be6 16. f4 Rd8 17. Qxd8+ Qxd8 18. Rxd8+ Kxd8 19. Na4 Nd7 20. f5 Bc4 21. Rd1 Kc7 22. Rxd7+ Kxd7 23. Nb6+ Kc6 24. Nxc4 f6 25. Ne3 b5 26. Kf2 c4 27. c3 Kc5 28. Nd5 a5 29. a3 a4 30. Ke3 Kd6 31. Bf3 h5 32. Nb4 h4 33. g4 Ke7 34. Nc2 Kf7 35. Nb4 g5 36. Nc6 Ra8 1/2-1/2

[Event "1000GM NY Winter IM-C 2024"]
[Site "New York"]
[Date "2024.01.12"]
[Round "1.3"]
[White "Rohde, Michael"]
[Black "Mou, Iris"]
[Result "0-1"]
[ECO "A09"]
[WhiteElo "2333"]
[BlackElo "2128"]
[Annotator "RC"]
[PlyCount "76"]
[EventDate "2024.01.10"]
[EventType "swiss"]
[EventCountry "USA"]
[SourceTitle "playchess.com"]
[Source "ChessBase"]
[SourceQuality "1"]
[TimeControl "5400+30"]

1. Nf3 d5 2. c4 d4 3. a3 a5 4. e3 c5 5. exd4 cxd4 6. c5 Nc6 7. Bb5 Qd5 8. Qa4 Bg4 9. d3 Bxf3 10. gxf3 Qxf3 11. Rg1 e5 12. Nd2 Qd5 13. b4 Nf6 14. Bc4 Qd7 15. b5 Nd8 16. c6 bxc6 17. bxc6 Qc7 18. Rb1 Ra7 19. Nf3 h6 20. Nxe5 Qxe5+ 21. Kd1 Qh5+ 22. Kc2 Rc7 23. Re1+ Be7 24. Bf4 Rxc6 25. Bd6 Nd5 26. Bxe7 Nxe7 27. Rb7 O-O 28. Rbxe7 Qxh2 29. Qxa5 Qxf2+ 30. R1e2 Qf3 31. Qb5 Ne6 32. Rd2 Nc7 33. Qe5 Nd5 34. Re8 Rxe8 35. Qxe8+ Kh7 36. Kb3 Rb6+ 37. Ka4 Nc3+ 38. Ka5 Qb7 0-1

[Event "1000GM NY Winter IM-C 2024"]
[Site "New York"]
[Date "2024.01.12"]
[Round "1.4"]
[White "Pressman, Leif"]
[Black "Pagan, Jonathan"]
[Result "1/2-1/2"]
[ECO "E04"]
[WhiteElo "2258"]
[BlackElo "2018"]
[Annotator "RC"]
[PlyCount "96"]
[EventDate "2024.01.10"]
[EventType "swiss"]
[EventCountry "USA"]
[SourceTitle "playchess.com"]
[Source "ChessBase"]
[SourceQuality "1"]
[TimeControl "5400+30"]

1. d4 Nf6 2. c4 e6 3. g3 d5 4. Nf3 dxc4 5. Bg2 Bb4+ 6. Bd2 c5 7. Bxb4 cxb4 8. Ne5 O-O 9. Nxc4 Nc6 10. e3 Rb8 11. Nbd2 Nd5 12. O-O b5 13. Ne5 Nxe5 14. dxe5 Bb7 15. Ne4 Nb6 16. Qh5 Bxe4 17. Bxe4 g6 18. Qe2 Nc4 19. Rfd1 Qe7 20. f4 Qc5 21. Rd4 a6 22. Rad1 Nb6 23. h4 Qe7 24. b3 Rfd8 25. Rd6 Rxd6 26. Rxd6 Qc7 27. Qd2 a5 28. h5 Kg7 29. Rc6 Qa7 30. Qd4 a4 31. Qc5 axb3 32. axb3 Qa1+ 33. Kh2 Qd1 34. Qc2 Qxh5+ 35. Kg2 Nd5 36. Bxd5 exd5 37. e6 Re8 38. Qb2+ f6 39. Rc7+ Kg8 40. Qa2 Qf5 41. Qa7 Qe4+ 42. Kh2 g5 43. Rg7+ Kh8 44. Qf7 Rc8 45. Rg8+ Rxg8 46. Qxf6+ Rg7 47. Qf8+ Rg8 48. Qf6+ Rg7 1/2-1/2

[Event "1000GM NY Winter IM-C 2024"]
[Site "New York"]
[Date "2024.01.12"]
[Round "1.5"]
[White "Almeida Saenz, Alfonso"]
[Black "Venkatesh, Narayan"]
[Result "1-0"]
[ECO "D00"]
[WhiteElo "2222"]
[BlackElo "1965"]
[Annotator "RC"]
[PlyCount "129"]
[EventDate "2024.01.10"]
[EventType "swiss"]
[EventCountry "USA"]
[SourceTitle "playchess.com"]
[Source "ChessBase"]
[SourceQuality "1"]
[TimeControl "5400+30"]

1. d4 Nf6 2. Bg5 d5 3. Nc3 e6 4. f3 c5 5. e4 cxd4 6. Qxd4 Be7 7. exd5 exd5 8. O-O-O Nc6 9. Qh4 Be6 10. Nh3 h6 11. Nf4 Qd7 12. Nxe6 fxe6 13. Bb5 a6 14. Bd3 O-O-O 15. Bd2 Ne4 16. Qe1 Nxd2 17. Qxd2 Qc7 18. Kb1 Bf6 19. Rhe1 Rhe8 20. g3 Ne5 21. Be2 Nc4 22. Bxc4 Qxc4 23. Ne2 e5 24. Qc3 Qc6 25. Qb3 Rd6 26. Nc1 d4 27. Re4 g5 28. Nd3 Qc7 29. Rde1 Rb6 30. Qa4 Re7 31. f4 gxf4 32. gxf4 exf4 33. Rxe7 Bxe7 34. Qxd4 Rf6 35. Qe4 Bd6 36. Qe8+ Qd8 37. Qh5 Qd7 38. Re8+ Kc7 39. Qa5+ b6 40. Qc3+ Bc5 41. Qxf6 Qxe8 42. Qxf4+ Bd6 43. Qxh6 Qe2 44. h4 Qf1+ 45. Qc1 Qh3 46. Qe1 Kd7 47. a3 Kc7 48. Nb4 a5 49. Nd5+ Kb7 50. Qe4 Qf1+ 51. Ka2 Qf7 52. c4 Ka7 53. Nc3 Bc5 54. Qd5 Qh7 55. h5 Qh8 56. Qf7+ Kb8 57. Nb5 Qd8 58. h6 Be7 59. h7 Bf6 60. Qg8 Kc8 61. Nd6+ Kd7 62. Qxd8+ Kxd8 63. Nf7+ Ke7 64. h8=Q Bxh8 65. Nxh8 1-0

[Event "1000GM NY Winter IM-C 2024"]
[Site "New York"]
[Date "2024.01.12"]
[Round "1.6"]
[White "Martin Del Campo Cardenas, Roberto Abel"]
[Black "Gaw, Chloe"]
[Result "1-0"]
[ECO "B67"]
[WhiteElo "2205"]
[BlackElo "1928"]
[Annotator "RC"]
[PlyCount "117"]
[EventDate "2024.01.10"]
[EventType "swiss"]
[EventCountry "USA"]
[SourceTitle "playchess.com"]
[Source "ChessBase"]
[SourceQuality "1"]
[TimeControl "5400+30"]

1. e4 c5 2. Nf3 d6 3. d4 cxd4 4. Nxd4 Nf6 5. Nc3 Nc6 6. Bg5 e6 7. Qd2 a6 8. O-O-O Bd7 9. f4 b5 10. Nxc6 Bxc6 11. Bd3 Qb6 12. Rhe1 Bb7 13. e5 dxe5 14. fxe5 Nd5 15. Nxd5 Bxd5 16. Be4 Qc6 17. Bxd5 exd5 18. Qxd5 Qxd5 19. Rxd5 Be7 20. Bxe7 Kxe7 21. e6 fxe6 22. Rde5 Ra7 23. Rxe6+ Kf7 24. Rb6 Re8 25. Rxe8 Kxe8 26. Rd6 Rf7 27. c3 Ke7 28. Rd2 Ke6 29. Kc2 Ke5 30. Kb3 Rf4 31. g3 Rg4 32. Rd4 Rg6 33. Kb4 Rh6 34. Rh4 Rg6 35. Rxh7 Rg4+ 36. Kb3 g5 37. Ra7 Ra4 38. h3 Kf5 39. Rf7+ Ke6 40. Rf3 Ke5 41. g4 Rf4 42. Rxf4 Kxf4 43. a4 Kg3 44. axb5 axb5 45. c4 bxc4+ 46. Kxc4 Kxh3 47. b4 Kxg4 48. b5 Kh3 49. b6 g4 50. b7 g3 51. b8=Q g2 52. Qb6 Kh2 53. Qf2 Kh1 54. Qh4+ Kg1 55. Kd3 Kf1 56. Qf4+ Kg1 57. Ke2 Kh1 58. Qh4+ Kg1 59. Qg3 1-0

[Event "1000GM NY Winter IM-C 2024"]
[Site "New York"]
[Date "2024.01.12"]
[Round "1.7"]
[White "Goktepe, Derin"]
[Black "Kovalchuk, Igor"]
[Result "1-0"]
[ECO "E06"]
[WhiteElo "2187"]
[BlackElo "2030"]
[Annotator "TA"]
[PlyCount "125"]
[EventDate "2024.01.10"]
[EventType "swiss"]
[EventCountry "USA"]
[SourceTitle "playchess.com"]
[Source "ChessBase"]
[SourceQuality "1"]
[TimeControl "5400+30"]

1. d4 d5 2. c4 e6 3. Nf3 Nf6 4. Nc3 Be7 5. g3 O-O 6. Bg2 dxc4 7. Ne5 Nc6 8. Bxc6 bxc6 9. Nxc6 Qe8 10. Nxe7+ Qxe7 11. Qa4 e5 (11... c5 $11 12. dxc5 Qxc5) 12. dxe5 $14 Qxe5 13. Qxc4 Bh3 14. Bf4 Qh5 15. O-O-O (15. Bxc7 Rac8 16. a3 Qf5 $17 (16... Ne8 17. Qd5 $14)) (15. f3 $16) 15... Be6 (15... c6 $14) 16. Qd4 (16. Qxc7 Ne4 17. g4 (17. Nxe4 $2 Rac8 $19) 17... Qg6 $15) (16. Qc6 $16) 16... c5 (16... Qa5 $14) 17. Qd6 $16 Ng4 18. Rhf1 $1 Qxh2 19. f3 (19. Qxc5 Rfc8 20. Bc7 Qh6+ 21. Kb1 Nf6 $14) 19... Nf2 20. g4 Qh4 21. Bg3 (21. Rd2 $1 $18 {[%cal Of4g3] And now Bg3! would win.} Rfd8 22. Qxc5) 21... Qh6+ $16 22. Bf4 (22. Rd2 $142 $1 Nh3 23. Rfd1 (23. Qxc5 Bxa2 24. Qh5 Qxh5 $11)) 22... Qh4 $16 23. Rde1 (23. Rd2 $1 $16 {[%cal Of4g3] Black must now prevent Bg3!} Rfd8 24. Qxc5) 23... Rfe8 ({Black should try} 23... Nh3 $14) 24. Bg3 $16 ({Don't play} 24. Be3 Nh3 $16) 24... Qh6+ 25. Qf4 ({Better is} 25. Qd2 $1 $16 {[%cal Rd2h6] Qxh6! is the strong threat.} Qxd2+ 26. Kxd2) 25... Qxf4+ $1 $14 26. Bxf4 Nh3 27. Bd6 h6 28. Rh1 Ng5 29. Bxc5 (29. f4 $14 Nh7 30. f5 (30. Bxc5 Bxg4 31. e4 Rec8 $15)) 29... Rac8 $11 30. Bxa7 Bxa2 31. Kd2 Bc4 32. f4 Rcd8+ 33. Kc2 Ne4 34. Nxe4 Rxe4 35. e3 Bd3+ $1 36. Kd2 Rb4 37. Bd4 Be4 38. Kc3 Rb7 (38... Rdb8 $15 39. Kd2 Bxh1 40. Rxh1 Rxb2+ 41. Bxb2 Rxb2+ 42. Kd3 Rg2) 39. Rh5 $11 f5 40. Rxf5 $1 (40. gxf5 $2 {too greedy.} Rc8+ $19) 40... Bxf5 41. gxf5 Rf7 (41... Rf8 $5) 42. Rg1 Rxf5 (42... Kh7 $14) 43. Rxg7+ $16 Kf8 44. Rh7 h5 {[%emt 0:00:34] [#]} ({Black should play} 44... Rd6 45. Be5 Rc6+ 46. Kd4 Rb6) 45. Be5 $1 $16 Rd1 (45... Rd5 $16) 46. e4 Rf7 47. Rxh5 Rfd7 $2 (47... Re1 48. Bd6+ Kg7) 48. Rh8+ $18 Kf7 49. Rh7+ Ke6 50. Rxd7 Kxd7 51. Kc4 Kc6 52. b4 $2 (52. Bc3 $18 Rh1 53. f5) 52... Rc1+ $2 {[%emt 0:00:25][%mdl 8192] [#]} (52... Re1 $11) 53. Bc3 $1 Rf1 54. b5+ Kb6 55. Bd4+ Ka5 56. b6 Ka6 57. f5 Kb7 58. Kd5 Kc8 59. f6 Kd7 60. e5 Re1 61. f7 Re2 62. e6+ Rxe6 63. f8=N+ 1-0

[Event "1000GM NY Winter IM-C 2024"]
[Site "New York"]
[Date "2024.01.12"]
[Round "1.8"]
[White "Chabris, Christopher"]
[Black "Bonin, Jay"]
[Result "1/2-1/2"]
[ECO "B31"]
[WhiteElo "2078"]
[BlackElo "2166"]
[Annotator "TA"]
[PlyCount "62"]
[EventDate "2024.01.10"]
[EventType "swiss"]
[EventCountry "USA"]
[SourceTitle "playchess.com"]
[Source "ChessBase"]
[SourceQuality "1"]
[TimeControl "5400+30"]

1. e4 c5 2. Nf3 Nc6 3. Bb5 g6 4. Bxc6 dxc6 5. d3 Bg4 6. Nbd2 Bg7 7. h3 Bxf3 8. Nxf3 Nf6 {[%emt 0:00:15] White is slightly better.} 9. Qe2 O-O 10. O-O Ne8 11. Be3 b6 12. c3 e5 13. b4 cxb4 14. cxb4 Nc7 15. Qc2 Qd6 16. a3 Ne6 17. Rac1 Rac8 18. Qc4 Rfd8 19. Rfd1 h6 20. a4 Rc7 21. h4 c5 22. bxc5 Nxc5 23. h5 g5 24. Qb5 Ne6 25. a5 Rxc1 26. Rxc1 Nf4 {[%emt 0:04:37] [#] ...Ne2+ is the strong threat.} 27. Rc6 ({Much worse is} 27. axb6 Ne2+ (27... Nxd3 $2 {too greedy.} 28. Rc6 $18) 28. Kh2 Nxc1 (28... Qxd3 $2 {perishes.} 29. Qxd3 Rxd3 30. bxa7 $18) 29. bxa7 Nxd3 $17) 27... Qxd3 28. Qxd3 Nxd3 (28... Rxd3 $5 29. axb6 axb6 $11) 29. axb6 axb6 30. Rxb6 Nf4 31. g4 Ra8 {[%emt 0:52:22] Weighted Error Value: White=0.07 (flawless) /Black=0.06 (flawless) .  Inaccurate:     	White=1     	Black=2      OK:         	White=7     	Black=11     Best:        	---       	Black=1} 1/2-1/2

[Event "1000GM NY Winter IM-C 2024"]
[Site "New York"]
[Date "2024.01.12"]
[Round "1.9"]
[White "Yoo, Eugene"]
[Black "Mede, Istvan"]
[Result "0-1"]
[ECO "E61"]
[WhiteElo "2168"]
[BlackElo "2187"]
[Annotator "TA"]
[PlyCount "74"]
[EventDate "2024.01.10"]
[EventType "swiss"]
[EventCountry "USA"]
[SourceTitle "playchess.com"]
[Source "ChessBase"]
[SourceQuality "1"]
[TimeControl "5400+30"]

1. c4 g6 2. g3 Bg7 3. Bg2 c5 4. Nc3 Nc6 5. e3 d6 6. Nge2 Nf6 7. d4 O-O 8. h3 cxd4 9. exd4 Bd7 10. O-O {[%emt 0:01:07] Weiß hat minimalen Vorteil.} Rc8 11. Be3 a6 12. b3 Qa5 (12... e6 $14 {scheint genauer.}) 13. a3 Qd8 ({Besser ist} 13... e6 $14) 14. b4 (14. d5 $1 $16 ) 14... e5 $11 15. d5 Ne7 16. c5 Nf5 (16... dxc5 $11 17. Bxc5 b6) 17. Qd2 (17. Bg5 $1 $14) 17... Nxe3 18. Qxe3 dxc5 $1 19. bxc5 Qa5 20. Rab1 Qxa3 21. Rxb7 {[%emt 0:07:56] Schwarz muss nun c6 beachten.} Rxc5 22. Ne4 (22. Rfb1 $15) 22... Qxe3 $17 23. fxe3 Nxe4 (23... Rxd5 $2 24. Nxf6+ Bxf6 25. Bxd5 $18) 24. Rxd7 Nd2 25. Ra1 a5 26. e4 f5 (26... Ra8 $19 {und Schwarz behält klar die Oberhand. Droht stark ...Bf8.} 27. Ra2 Nc4 (27... Bh6 $2 28. Rb7 $19)) 27. exf5 gxf5 28. Ra7 $2 {[%emt 0:01:06] [#]} (28. d6 $17) 28... f4 $1 $19 (28... e4 29. R1xa5 Rc2 (29... Rxa5 30. Rxa5 Be5 31. d6 $15) 30. d6 $11) 29. Ra2 Nb3 (29... f3 $19 30. Rxd2 (30. R7xa5 $2 {zu gefräßig.} fxe2 31. Rxc5 e1=Q+ $19) 30... Bh6) 30. Rb7 $2 (30. gxf4 $15 exf4 31. Bf3) 30... Nc1 31. Nxc1 Rxc1+ 32. Kf2 {[%emt 0:01:03] [#]} f3 $1 {[%emt 0:01:26][%mdl 512] Zielt auf ...e4 ab.} 33. Bxf3 (33. Re7 Bf6) 33... e4 34. Ra3 Rc2+ ({Schwächer ist} 34... Rxf3+ 35. Rxf3 exf3 36. Kxf3 $17) 35. Kf1 exf3 36. Rd3 Rh2 37. Kg1 f2+ {[%emt 0:00:17] Gewichteter Fehlerwert: Weiß=1.09/Schwarz=0.38.  Verlustzug:     	Weiß=2     	---        Gewinn verpasst:   	---       	Schwarz=1     Fehler:       	Weiß=3     	Schwarz=4     Ungenau:       	Weiß=5     	Schwarz=2     OK:         	Weiß=6     	Schwarz=6     Bester:       	Weiß=1     	Schwarz=3     Stark:        	---       	Schwarz=2     Brilliant:      	---       	Schwarz=1} 0-1

[Event "1000GM NY Winter IM-C 2024"]
[Site "New York"]
[Date "2024.01.12"]
[Round "2.1"]
[White "Mede, Istvan"]
[Black "Goktepe, Derin"]
[Result "1/2-1/2"]
[ECO "C47"]
[WhiteElo "2187"]
[BlackElo "2187"]
[Annotator "TA"]
[PlyCount "44"]
[EventDate "2024.01.10"]
[EventType "swiss"]
[EventCountry "USA"]
[SourceTitle "playchess.com"]
[Source "ChessBase"]
[SourceQuality "1"]
[TimeControl "5400+30"]

1. e4 e5 2. Nf3 Nc6 3. Nc3 Nf6 4. d4 exd4 5. Nxd4 Bb4 6. Nxc6 bxc6 7. Bd3 d5 8. exd5 cxd5 9. O-O O-O 10. h3 c6 11. Qf3 Bd6 12. Bf4 Rb8 13. b3 Qc7 14. Bxd6 Qxd6 15. Qg3 {[%emt 0:00:18] Die Stellung ist ausgeglichen.} Qxg3 16. fxg3 Re8 17. Rfe1 Rxe1+ 18. Rxe1 Be6 19. Na4 Nd7 20. Kf2 h6 21. Ke3 c5 22. c3 Kf8 {[%emt 0:05:02] Ein ziemlich ruhiges Remis.   Gewichteter Fehlerwert: Weiß=0.07 (makellos) /Schwarz=0.04 (makellos) .  OK:         	Weiß=3     	Schwarz=4} 1/2-1/2

[Event "1000GM NY Winter IM-C 2024"]
[Site "New York"]
[Date "2024.01.12"]
[Round "2.2"]
[White "Bonin, Jay"]
[Black "Yoo, Eugene"]
[Result "0-1"]
[ECO "D39"]
[WhiteElo "2166"]
[BlackElo "2168"]
[Annotator "TA"]
[PlyCount "66"]
[EventDate "2024.01.10"]
[EventType "swiss"]
[EventCountry "USA"]
[SourceTitle "playchess.com"]
[Source "ChessBase"]
[SourceQuality "1"]
[TimeControl "5400+30"]

1. d4 Nf6 2. Nf3 e6 3. c4 d5 4. Nc3 Bb4 5. Qa4+ Nc6 6. Bg5 dxc4 7. e4 Bd7 {[%emt 0:00:31][%cal Oc6d4] And now ...Nxd4! would win.} 8. Qc2 ({Reject} 8. Bxc4 Nxd4 (8... Bxc3+ 9. bxc3 Nxd4 10. Qd1 $17) 9. Qd1 Nxf3+ 10. Qxf3 h6 $17) 8... h6 9. Bxf6 {[%emt 0:00:23] Black is slightly better.} Qxf6 10. e5 Qf4 11. Rd1 b5 12. Be2 Ne7 {[%emt 0:02:41] Black is more active.} 13. O-O Qf5 14. Qc1 Nd5 {[%emt 0:03:26] Threatens to win with ...Bxc3.} 15. g3 Nxc3 16. bxc3 {[%emt 0:00:05][%cal Of3h4] [#] Hoping for Nh4!} Be7 17. d5 exd5 18. Rxd5 Qe6 19. Rdd1 c5 20. Nd2 g5 (20... Bc6 $17 21. f4 O-O) 21. Bf3 Bc6 22. Bxc6+ Qxc6 23. Qb1 {[%emt 0:00:49] [#]} (23. a4 $11 {keeps the balance.}) 23... Rd8 (23... O-O $1 $17) 24. Ne4 $11 O-O 25. f4 gxf4 26. Rxf4 Rxd1+ 27. Qxd1 Rd8 {[%emt 0:00:16] Prevents Nd6.} 28. Qh5 (28. Nd6 $1 $11 Bxd6 29. Qg4+ Kf8 30. Qe6) 28... Qg6 $36 {[%emt 0:01:32][%mdl 2048] Black is more active.} 29. Qe2 (29. Rg4 $15 Bg5 30. Qxg6+ fxg6 31. Nxg5 hxg5 32. e6) 29... h5 $17 30. Nf6+ (30. a4 $142) 30... Kf8 (30... Bxf6 $17 31. exf6 Kh7) 31. Ne4 (31. Kg2 $1 $15) 31... Rd5 $19 32. a4 $2 (32. Nf6 Rd3 33. Qe4) 32... Rxe5 {[%emt 0:01:12] White must now prevent ...Bg5.} (32... bxa4 33. Nf6 Rd3 34. Rxc4 $17) 33. axb5 Bg5 {[%emt 0:01:27] Weighted Error Value: White=0.53/Black=0.15 (very precise) .  Mistake:       	White=6     	Black=3      Inaccurate:     	White=4     	Black=1      OK:         	White=3     	Black=9      Best:        	White=1     	Black=3} 0-1

[Event "1000GM NY Winter IM-C 2024"]
[Site "New York"]
[Date "2024.01.12"]
[Round "2.3"]
[White "Yudasin, Leonid"]
[Black "Chabris, Christopher"]
[Result "1-0"]
[ECO "C77"]
[WhiteElo "2353"]
[BlackElo "2078"]
[Annotator "RC"]
[PlyCount "64"]
[EventDate "2024.01.10"]
[EventType "swiss"]
[EventCountry "USA"]
[SourceTitle "playchess.com"]
[Source "ChessBase"]
[SourceQuality "1"]
[TimeControl "5400+30"]

1. e4 e5 2. Nf3 Nc6 3. Bb5 a6 4. Ba4 Nf6 5. d3 d6 6. c4 g6 7. d4 exd4 8. Nxd4 Bd7 9. O-O Bg7 10. Nxc6 Bxc6 11. Bxc6+ bxc6 12. Qa4 Qd7 13. c5 O-O 14. cxd6 cxd6 15. Nc3 Ng4 16. Bf4 Be5 17. Bxe5 Nxe5 18. Rad1 f5 19. Qd4 Rad8 20. f4 Nf7 21. exf5 c5 22. Qc4 Qxf5 23. Nd5 Rfe8 24. Qxa6 Re4 25. Qd3 Rde8 26. h3 h5 27. b3 Kf8 28. a4 Re2 29. Qxf5 gxf5 30. Rf2 h4 31. Rxe2 Re3 32. Rf2 Re2 1-0

[Event "1000GM NY Winter IM-C 2024"]
[Site "New York"]
[Date "2024.01.12"]
[Round "2.4"]
[White "Hajnal, Zoltan"]
[Black "Ho, Carter"]
[Result "1-0"]
[ECO "B33"]
[WhiteElo "2383"]
[BlackElo "2180"]
[Annotator "RC"]
[PlyCount "69"]
[EventDate "2024.01.10"]
[EventType "swiss"]
[EventCountry "USA"]
[SourceTitle "playchess.com"]
[Source "ChessBase"]
[SourceQuality "1"]
[TimeControl "5400+30"]

1. e4 c5 2. Nf3 e6 3. d4 cxd4 4. Nxd4 Nf6 5. Nc3 Nc6 6. Ndb5 d6 7. Bf4 e5 8. Bg5 a6 9. Na3 b5 10. Nd5 Be7 11. Bxf6 Bxf6 12. c3 O-O 13. g3 Bg5 14. Bg2 Ne7 15. O-O Be6 16. Nxe7+ Qxe7 17. Nc2 Rfd8 18. f4 Bh6 19. Ne3 Qa7 20. Qd2 g5 21. f5 g4 22. Rfe1 Bc8 23. Qf2 Bxe3 24. Rxe3 Bb7 25. Rd1 Rd7 26. Kf1 f6 27. Qe2 h5 28. Red3 Rad8 29. h3 gxh3 30. Bxh3 Qa8 31. Bg2 Rg7 32. Rxd6 Rf8 33. Rd7 Rg4 34. Qd2 Rg7 35. Qh6 1-0

[Event "1000GM NY Winter IM-C 2024"]
[Site "New York"]
[Date "2024.01.12"]
[Round "2.5"]
[White "Tanenbaum, Zachary"]
[Black "Pressman, Leif"]
[Result "0-1"]
[ECO "B90"]
[WhiteElo "2272"]
[BlackElo "2258"]
[Annotator "RC"]
[PlyCount "110"]
[EventDate "2024.01.10"]
[EventType "swiss"]
[EventCountry "USA"]
[SourceTitle "playchess.com"]
[Source "ChessBase"]
[SourceQuality "1"]
[TimeControl "5400+30"]

1. e4 c5 2. Nf3 d6 3. d4 cxd4 4. Nxd4 Nf6 5. Nc3 a6 6. Be3 e5 7. Nb3 Be6 8. h3 Be7 9. Qf3 Qc7 10. O-O-O Nc6 11. Kb1 O-O 12. g4 a5 13. a4 Nb4 14. g5 Ne8 15. h4 Rd8 16. Bc1 f5 17. Bh3 d5 18. exf5 d4 19. f6 Bxb3 20. cxb3 Nxf6 21. gxf6 Rxf6 22. Qg3 dxc3 23. bxc3 Nd5 24. Bb2 Nf4 25. Bg4 Rfd6 26. Qe3 Rxd1+ 27. Rxd1 Rxd1+ 28. Bxd1 Bxh4 29. c4 Bf6 30. Qa7 e4 31. Bxf6 gxf6 32. f3 f5 33. fxe4 fxe4 34. Qd4 Qe7 35. Bc2 Nd3 36. Qd5+ Kg7 37. Qxa5 Qf6 38. Qc7+ Qf7 39. Qd6 Qf1+ 40. Ka2 Qe2 41. Qg3+ Kf6 42. Kb1 Qf1+ 43. Ka2 Qe2 44. Kb1 h5 45. Qh4+ Kf5 46. a5 Qe1+ 47. Qxe1 Nxe1 48. c5 Nxc2 49. c6 Na3+ 50. Kb2 bxc6 51. Kxa3 e3 52. a6 e2 53. a7 e1=Q 54. a8=Q Qa1+ 55. Kb4 Qxa8 0-1

[Event "1000GM NY Winter IM-C 2024"]
[Site "New York"]
[Date "2024.01.12"]
[Round "2.6"]
[White "Pagan, Jonathan"]
[Black "Martin Del Campo Cardenas, Roberto Abel"]
[Result "0-1"]
[ECO "A45"]
[WhiteElo "2018"]
[BlackElo "2205"]
[Annotator "TA"]
[PlyCount "108"]
[EventDate "2024.01.10"]
[EventType "swiss"]
[EventCountry "USA"]
[SourceTitle "playchess.com"]
[Source "ChessBase"]
[SourceQuality "1"]
[TimeControl "5400+30"]

1. d4 Nf6 2. Bg5 c5 3. d5 Ne4 4. Bf4 Qb6 5. Bc1 g6 6. f3 Nf6 {[%emt 0:00:06] A45: Trompowsky Attack.} 7. e4 d6 8. Ne2 Bg7 9. Nec3 O-O 10. Nd2 Na6 11. Nc4 Qd8 12. Be2 Nc7 13. a4 b6 14. O-O Ba6 15. Be3 $146 ({Predecessor:} 15. f4 Rb8 16. Ne3 Bxe2 17. Qxe2 e6 18. Qd3 exd5 19. Nexd5 Ncxd5 20. Nxd5 Re8 21. Re1 Nxd5 22. Qxd5 {½-½ Harsha,B (2509)-Krassilnikov,E (2381) Titled Tuesday intern op 24th Aug blitz 2021 (4)}) 15... Bxc4 16. Bxc4 a6 17. Qd2 Rb8 18. Be2 Rb7 19. Rab1 b5 (19... Qb8 $14) 20. b3 Re8 21. Rbd1 Qd7 22. Rfe1 Reb8 23. g4 Nfe8 24. axb5 axb5 25. h3 b4 26. Na4 Nb5 27. Bxb5 Qxb5 28. f4 Rc8 29. Bf2 Rd7 30. Qe2 Qxe2 31. Rxe2 Rb7 32. e5 Nc7 33. exd6 (33. Kg2 $11) 33... exd6 $15 34. Re7 Rbb8 35. Rd7 Nb5 36. Re1 Rc7 37. Ree7 Rxd7 38. Rxd7 Kf8 (38... Bd4 $17 {aiming for ...Kf8.} 39. Bxd4 cxd4) 39. Bh4 $1 $11 Bh6 40. Bf6 Bxf4 41. Nb2 $2 {[%emt 0:00:39][%mdl 8192] [#]} (41. Nb6 $11) 41... h5 $2 (41... Be3+ $1 $19 42. Kg2 Bd4 43. Bxd4 cxd4 (43... Ke8 $2 44. Rxd6 Nxd6 45. Bxc5 $19)) 42. gxh5 $11 gxh5 43. Nc4 Re8 44. Kg2 Kg8 45. Be7 Nd4 46. Bxd6 Re2+ 47. Kf1 $1 Bxd6 48. Nxd6 Rxc2 49. Nxf7 c4 50. d6 $2 (50. Ng5 $11) 50... cxb3 $19 51. Nh6+ {[%emt 0:00:24] [#]} Kh8 $1 ({Stronger than} 51... Kf8 52. Rf7+ Ke8 53. Re7+ Kf8 54. Rf7+ Ke8 55. Re7+ Kf8 56. Rf7+ $11) 52. Nf7+ Kg7 53. Ne5+ Kf6 54. Nd3 b2 (54... Rd2 $142 55. Nb2 Rxb2) 0-1

[Event "1000GM NY Winter IM-C 2024"]
[Site "New York"]
[Date "2024.01.12"]
[Round "2.7"]
[White "Gaw, Chloe"]
[Black "Rohde, Michael"]
[Result "1/2-1/2"]
[ECO "E93"]
[WhiteElo "1928"]
[BlackElo "2333"]
[Annotator "RC"]
[PlyCount "45"]
[EventDate "2024.01.10"]
[EventType "swiss"]
[EventCountry "USA"]
[SourceTitle "playchess.com"]
[Source "ChessBase"]
[SourceQuality "1"]
[TimeControl "5400+30"]

1. d4 Nf6 2. c4 d6 3. Nc3 Nbd7 4. e4 e5 5. d5 Nc5 6. Qc2 a5 7. Nf3 g6 8. Be2 Bg7 9. h3 O-O 10. Bg5 h6 11. Be3 Ne8 12. g4 f5 13. gxf5 gxf5 14. Rg1 Qf6 15. O-O-O f4 16. Bxc5 dxc5 17. h4 Ra6 18. Rg2 Bh3 19. Rh2 Bg4 20. h5 Nd6 21. Rg1 Bxf3 22. Bxf3 Nf7 23. Rg6 1/2-1/2